 Dungeon Crawl Stone Soup version 0.30-a0-142-g7370640ec8 (webtiles) character file.

Game seed: 3889024667144493187

64 qw the Chopper (level 4, -2/28 HPs)
             Began as a Gargoyle Fighter on Sept 25, 2022.
             Slain by an orc
             ... wielding a +0 trident
              (6 damage)
             ... on level 3 of the Dungeon.
             The game lasted 00:00:34 (1701 turns).

qw the Chopper (Gargoyle Fighter)                   Turns: 1701, Time: 00:00:34

Health: -2/28      AC: 11    Str: 21    XL:     4   Next: 12%
Magic:  4/4        EV:  9    Int:  9    God:
Gold:   97         SH:  4    Dex:  9    Spells: 3/3 levels left

rFire   . . .      SeeInvis .    Y - +1 war axe
rCold   . . .      Faith    .    c - +0 buckler
rNeg    + . .      Spirit   .    b - +0 scale mail
rPois   inf        Reflect  .    (no helmet)
rElec   +          Harm     .    (no cloak)
rCorr   .          Rampage  .    (no gloves)
Will    .....                    i - +0 pair of boots
Stlth   ..........               (no amulet)
HPRegen 0.09/turn                (no ring)
MPRegen 0.09/turn                (no ring)

@: no status effects
A: sickness immunity, AC +3, negative energy resistance 1, electricity
resistance, torment resistance 1, petrification resistance
a: no special abilities


You were on level 3 of the Dungeon.
You visited 1 branch of the dungeon, and saw 3 of its levels.

You collected 97 gold pieces.


Innate Abilities, Weirdness & Mutations

You are immune to sickness and miasma.
Your stone body is resilient. (AC +3)
You are immune to poison.
You resist negative energy. (rN+)
You are resistant to electric shocks. (rElec)
You are resistant to unholy torment.
You are immune to petrification.


   Skills:
 - Level 3.2 Fighting
 + Level 3.9 Axes
 - Level 3.2 Armour
 - Level 3.2 Shields


You had 3 spell levels left.
You didn't know any spells.
Your spell library was empty.

Inventory:

Hand Weapons
 g - a +0 club
 Y - a +1 war axe (weapon)
Missiles
 k - 6 boomerangs (quivered)
Armour
 b - a +0 scale mail (worn)
 c - a +0 buckler (worn)
 i - a +0 pair of boots (worn)
Scrolls
 a - 2 scrolls of acquirement {unknown}
Potions
 d - a potion of might
 f - a potion of mutation {unknown}
 h - a potion of curing {unknown}
 j - a potion of attraction {unknown}

Dungeon Overview and Level Annotations

Branches:
Dungeon (3/15)

Altars:

Shops:
D:1 :


Message History

The orc is severely wounded.
You hit the orc but do no damage. You slash the jackal!
You kill the jackal!
The orc closely misses you.
A goblin comes into view. It is wielding a +0 club.
The orc hits you but does no damage.
The goblin shouts!
You slash the orc!
You kill the orc!
You barely miss the orc. You block the orc's attack.
The orc priest calls upon Beogh to heal the orc.
The orc's wounds heal themselves!
You have reached level 4!
You feel clever.
You closely miss the orc. You block the orc's attack.
The orc closely misses you.
The orc hits you from afar with a +0 trident.
You completely miss the orc. You hit the orc. You slash the orc!
You kill the orc!
The orc barely misses you. x2; The orc hits you but does no damage.
You slash the orc!
You kill the orc!
You hit the orc. You hit the orc priest. You hit the orc.
The orc hits you but does no damage. x2
The orc priest hits you but does no damage.
The orc hits you but does no damage.
You hit the orc.
You kill the orc!
You hit the orc. You barely miss the orc priest.
The orc hits you but does no damage. x2; The orc barely misses you.
The orc priest mumbles some strange prayers to Beogh against you.
Beogh smites you!
Ouch! That really hurt!
A rat comes into view.
The orc closely misses you. The goblin hits you but does no damage.
You slash the orc!
You kill the orc!
You slash the orc priest! You barely miss the goblin.
The orc hits you from afar with a +0 trident.
You die...

.... ..$....# .....
......# .... .....###
...###+####.....#
#####.....##.......#
...............:...#
......!............#
......).[........)<+
.....o)@...........#
......)og......#......
...............######.#
..............## #
..............#
...............>
.......[......#.
.......r....$.#


You could see an orc priest, an orc, a goblin and a rat.

Vanquished Creatures
  An adder (D:2)
  A worm (D:2)
  3 dart slugs (D:2)
  5 orcs (D:3)
  2 ball pythons
  4 bats
  An endoplasm (D:2)
  3 giant cockroaches
  4 goblins
  4 hobgoblins (D:2)
  2 jackals (D:3)
  2 kobolds
  2 quokkas
  3 frilled lizards (D:2)
  3 rats
40 creatures vanquished.

Notes
Turn   | Place    | Note
-------+----------+-------------------------------------------
     0 | D:1      | qw the Gargoyle Fighter began the quest for the Orb.
     0 | D:1      | Reached XP level 1. HP: 14/14 MP: 1/1
     0 | D:1      | 0 ||| qw: Version: 0.2-a-10-g399e6c4
     0 | D:1      | 0 ||| qw: Game counter: 396
     0 | D:1      | 0 ||| qw: Always use a shield: true
     0 | D:1      | 0 ||| qw: God list: Okawaru
     0 | D:1      | 0 ||| qw: Allow faded altars: false
     0 | D:1      | 0 ||| qw: Do Orc after D:15 true
     0 | D:1      | 0 ||| qw: Do second Lair branch before Depths: true
     0 | D:1      | 0 ||| qw: Lair rune preference: random
     0 | D:1      | 0 ||| qw: Plans: Normal, Zot:1-4, God:TSO, Crypt, Tomb,
                  | Pan, Slime:5, Hells, Abyss, Orb
     0 | D:1      | 0 ||| PLANNING D:1-11
   384 | D:1      | Reached XP level 2. HP: 14/19 MP: 2/2
   619 | D:1      | Found Yntaa's Book Boutique.
   848 | D:1      | 848 ||| UPGRADING to +0 pair of boots.
   853 | D:1      | 853 ||| READING 3 scrolls labelled SUEJIA ULAF.
   854 | D:1      | 854 ||| READING scroll labelled TUDGHO BURRUPH.
   855 | D:1      | 855 ||| DROPPING 2 scrolls of blinking.
   987 | D:2      | 987 ||| Stepping ~*~*~tactically~*~*~ (stealth).
   988 | D:2      | 988 ||| Stepping ~*~*~tactically~*~*~ (stealth).
  1005 | D:2      | 1005 ||| Stepping ~*~*~tactically~*~*~ (stealth).
  1024 | D:2      | 1024 ||| Stepping ~*~*~tactically~*~*~ (stealth).
  1030 | D:2      | Reached skill level 3 in Axes
  1038 | D:2      | Reached XP level 3. HP: 20/23 MP: 3/3
  1081 | D:2      | 1081 ||| FLEEEEING.
  1091 | D:2      | 1091 ||| Stepping ~*~*~tactically~*~*~ (hiding).
  1329 | D:2      | 1329 ||| Stepping ~*~*~tactically~*~*~ (hiding).
  1562 | D:2      | 1562 ||| READING scroll labelled LOCURH BI GORPH.
  1563 | D:2      | 1563 ||| READING scroll labelled XUPE TEGGUITT.
  1564 | D:2      | 1564 ||| READING scroll labelled UJASCH REIS IRA.
  1565 | D:2      | 1565 ||| READING scroll labelled QOSIQE FEAPT.
  1688 | D:3      | Identified the +4 scale mail of Zaruf {Slay+3}
  1697 | D:3      | Reached XP level 4. HP: 24/28 MP: 4/4
  1700 | D:3      | HP: 4/28 [orc priest/divine providence (14)]
  1701 | D:3      | Slain by an orc

Levels and vault maps discovered:
D:1:      evilmike_arrival_home_sweet_home, layout_loops_cross, serial_shops,
          shop, kennysheep_minor_cross
D:2:      layout_loops_cross, minmay_heptomino_w4
D:3:      layout_basic, vehumet_crystals, nicolae_wu_jian_wuxing_cycle

Skill      XL: |  1  2 |
---------------+-------+-----
Axes           | 2 3 |  3.9
Fighting       | |  3.2
Armour         | |  3.2
Shields        | |  3.2

Action                   |  1- 3 |  4- 6 || total
-------------------------+-------+-------++-------
Melee: War axe           |    99 |     5 ||   104
Throw: Boomerang         |    25 |       ||    25
  Use: Scroll            |     6 |       ||     6
Armor: Scale mail        |    60 |     8 ||    68
Dodge: Dodged            |    51 |     5 ||    56
Block: Buckler           |    15 |     1 ||    16

Table legend:
 A = Non-vault XP
 B = Vault XP
 C = Vault XP percentage of total XP
 D = Non-vault monster count
 E = Vault monster count
 F = Vault count percentage of total count
                 A         B        C        D         E       F
            +---------+---------+-------+---------+---------+-------
      Total |      70 |      25 |  26.3 |      33 |       7 |  17.5
            +---------+---------+-------+---------+---------+-------
        D:1 |      15 |       0 |   0.0 |       8 |       0 |   0.0
        D:2 |      35 |      25 |  41.7 |      17 |       7 |  29.2
        D:3 |      20 |       0 |   0.0 |       8 |       0 |   0.0
            +---------+---------+-------+---------+---------+-------
